 Dungeon Crawl Stone Soup version 0.32-a0-871-ge202e49faa (webtiles) character file.

Game seed: 14692070473641073283

209 dialectric the Charlatan (level 5, -1/32 HPs)
             Began as a Gargoyle Artificer on Mar 30, 2024.
             Slain by an orc wizard
             ... wielding a +0 dagger
              (3 damage)
             ... on level 4 of the Dungeon.
             The game lasted 00:02:40 (1904 turns).

dialectric the Charlatan (Gargoyle Artificer)       Turns: 1904, Time: 00:02:41

Health: -1/32      AC:  9    Str: 18    XL:     5   Next: 87%
Magic:  5/5        EV: 11    Int: 14    God:
Gold:   87         SH:  0    Dex: 13    Spells: 4/4 levels left

rFire   + . .        p - +8 spear of Imminent Death {venom, rPois rF+ Int+3}
rCold   . . .        (no shield)
rNeg    + . .        b - +0 leather armour
rPois   ∞            (no helmet)
rElec   +            (no cloak)
rCorr   .            o - +0 pair of gloves "Lash" {Dex+3}
SInv    .            t - +0 pair of boots
Will    .....        (no amulet)
Stlth   ++           (no ring)
HPRegen 0.25/turn    (no ring)
MPRegen 0.09/turn

%: no passive effects
@: no status effects
A: sickness immunity, AC +4, negative energy resistance 1, electricity
resistance, torment resistance 1, petrification resistance
a: no special abilities


You were on level 4 of the Dungeon.
You visited 1 branch of the dungeon, and saw 5 of its levels.

You collected 87 gold pieces.

Inventory:

Hand Weapons
 g - a +2 dagger of venom
 p - the +8 spear of Imminent Death (weapon) {venom, rPois rF+ Int+3}
   (You found it on level 2 of the Dungeon)

   Int+3:     It affects your intelligence (+3).
   rF+:       It protects you from fire.
   rPois:     It protects you from poison.
Missiles
 h - 5 poisoned darts
Armour
 b - a +0 leather armour (worn)
 o - the +0 pair of gloves "Lash" (worn) {Dex+3}
   (You found it on level 2 of the Dungeon)

   Dex+3:     It affects your dexterity (+3).
 t - a +0 pair of boots (worn)
Wands
 c - a wand of flame (10) (quivered)
 d - a wand of charming (15)
 e - a wand of iceblast (5)
Scrolls
 a - a scroll of noise {unknown}
 i - a scroll of enchant weapon {unknown}
 k - a scroll of teleportation
 l - 4 scrolls of identify {unknown}
 m - 2 scrolls of blinking {unknown}
 q - 2 scrolls of enchant armour {unknown}
Potions
 f - a potion of haste {unknown}
 j - a potion of degeneration {unknown}
 n - a potion of lignification {unknown}
 r - a potion of might {unknown}
 s - 2 potions of mutation {unknown}


   Skills:
 + Level 2.8 Fighting
 - Level 1.0 Short Blades
 + Level 1.4 Polearms
 + Level 3.3 Armour
 + Level 2.0 Dodging
 - Level 2.0 Stealth
 + Level 3.3 Evocations


You had 4 spell levels left.
You didn't know any spells.
Your spell library was empty.

Dungeon Overview and Level Annotations

Branches:
Dungeon (5/15)
 Temple: D:4-7

Altars:


Innate Abilities, Weirdness & Mutations

You are immune to sickness and miasma.
Your stone body is resilient. (AC +4)
You are immune to poison.
You resist negative energy. (rN+)
You are resistant to electric shocks. (rElec)
You are resistant to unholy torment.
You are immune to petrification.


Message History

There is a stone staircase leading up here.
Something barely misses you.
The orc priest hits you with a +0 short sword.
* * * LOW HITPOINT WARNING * * *
You climb upwards.
Reactivating autopickup.
There is a stone staircase leading down here.
Unknown command.
Unknown command.
You puncture the orc priest!
The orc priest is poisoned.
The orc priest is heavily wounded.
The orc wizard barely misses you.
The orc priest looks satisfied for a moment.
Something hits you but does no damage.
Deactivating autopickup; reactivate with Ctrl-A.
Unknown command.
Unknown command.
You hit the orc priest.
You kill the orc priest!
The orc wizard hits you but does no damage.
Something hits you but does no damage.
Unknown command.
You puncture the orc wizard!
The orc wizard is poisoned.
The orc wizard is heavily wounded.
The orc wizard casts a spell at you. The puff of flame hits you. You resist.
* * * LOW HITPOINT WARNING * * *
Something hits you but does no damage.
You hit the orc wizard.
The orc wizard looks as sick as possible!
The orc wizard is severely wounded.
You kill the orc wizard!
Something hits you but does no damage.
Your Dodging skill increases to level 2!
Something completely misses you.
Things that are here:
a +0 dagger; a +0 robe Something hits you but does no damage.
You hit something. Something hits you.
You die...

..# #..#
... ...
... #..
..# #..##
..# #..#
.. #>##.#
#))#.##.#
##.@....#
###.##..#
.# .. #..
... #...
....


There were no monsters in sight!

Vanquished Creatures
  An orc priest (D:4)
  2 orc wizards
  A gnoll (D:5)
  6 adders
  A shadow imp (D:5)
  4 orcs (D:5)
  6 endoplasms
  2 giant cockroaches (D:1)
  4 goblins (D:1)
  7 hobgoblins
  3 jackals (D:1)
  A quokka (D:1)
  2 ball pythons
  8 bats
  2 frilled lizards
  5 kobolds
  3 rats
58 creatures vanquished.

Notes
Turn   | Place    | Note
-------+----------+-------------------------------------------
     0 | D:1      | dialectric the Gargoyle Artificer began the quest for the
                  | Orb.
     0 | D:1      | Reached XP level 1. HP: 12/12 MP: 1/1
    91 | D:1      | Reached skill level 1 in Dodging
    91 | D:1      | Reached XP level 2. HP: 6/16 MP: 2/2
   433 | D:1      | Reached XP level 3. HP: 20/20 MP: 3/3
   993 | D:2      | Identified the +0 pair of gloves "Lash" {Dex+3}
  1036 | D:2      | Identified the +8 spear of Imminent Death {venom, rPois rF+
                  | Int+3}
  1073 | D:2      | Reached skill level 1 in Short Blades
  1073 | D:2      | Reached XP level 4. HP: 25/26 MP: 4/4
  1734 | D:3      | You fall into a shaft and drop 2 floors!
  1734 | D:5      | Entered Level 5 of the Dungeon
  1768 | D:5      | Reached skill level 1 in Polearms
  1768 | D:5      | Reached XP level 5. HP: 26/31 MP: 5/5
  1900 | D:4      | HP: 1/31 [orc wizard/puff of flame (6)]
  1904 | D:4      | Slain by an orc wizard

Illustrated notes

Levels and vault maps discovered:
D:1:      minmay_arrival_up_and_down, layout_loops_ring, minmay_tromino_i2
D:2:      layout_basic
D:3:      layout_loops_corners, serial_shops, shop
D:4:      layout_rooms, kennysheep_mini_moat
D:5:      layout_cave_pods, minmay_misc_feat_ornament, hangedman_decor_slide_cut

Skill      XL: |  1  2  3  4  5 |
---------------+----------------+-----
Dodging        | 1 2 |  2.0
Short Blades   | 1 |  1.0
Stealth        | 2 |  2.0
Evocations     | 3 |  3.3
Fighting       | 2 |  2.8
Armour         | 3 |  3.3
Polearms       | 1 |  1.4

Action                     |  1- 3 |  4- 6 || total
---------------------------+-------+-------++-------
  Melee: Club              |    40 |       ||    40
         Dagger            |    85 |       ||    85
         Spear             |     7 |    52 ||    59
  Evoke: Wand              |     5 |       ||     5
    Use: Scroll            |       |     1 ||     1
   Stab: Sleeping          |       |     3 ||     3
 Armour: Leather armour    |    98 |    43 ||   141
  Dodge: Dodged            |    88 |    28 ||   116

Table legend: (Time is in decaauts)
 A = Elapsed time spent in this place.
 B = Non-inter-level travel time spent in this place.
 C = Inter-level travel time spent in this place.
 D = Time resting spent in this place.
 E = Time spent auto-exploring this place.
 F = Levels seen in this place.
 G = Mean time per level.
                   A        B        C        D        E       F      G
               +--------+--------+--------+--------+--------+-----+--------+
         Total |   1917 |   1887 |     30 |      0 |   1422 |   5 |  383.4 |
       Dungeon |   1917 |   1887 |     30 |      0 |   1422 |   5 |  383.4 |
               +--------+--------+--------+--------+--------+-----+--------+

Top non-repeatable levels by time:
     D:1: 901 daAuts
     D:2: 836 daAuts
     D:5: 163 daAuts
     D:3: 8 daAuts
     D:4: 6 daAuts
